[Event "Titled Tuesday Blitz November 01 Late 2022"]
[White "Kanyamarala, Tarun"]
[Black "Darini, Pouria"]
[WhiteFideId "45004714"]
[BlackFideId "12502200"]
[WhiteElo "2307"]
[BlackElo "2483"]
[Result "0-1"]
[Round "01"]
[TimeControl "180+1"]
[Date "2022.11.02"]
[WhiteClock "0:00:05"]
[BlackClock "0:00:34"]

1. d4 Nf6 2. Nc3 d5 3. Bf4 a6 4. e3 c5 5. dxc5 Nc6 6. a3 e5 7. Bg5 Be6 8. b4 Be7 9. Nf3 O-O 10. Be2 b6 11. cxb6 Qxb6 12. O-O Rfd8 13. Na4 Qa7 14. Qc1 Ne4 15. Bxe7 Qxe7 16. c4 d4 17. exd4 Nxd4 18. Nxd4 Rxd4 19. Qe3 Rad8 20. c5 Nd2 21. Rfd1 Bb3 22. Rxd2 Rxd2 23. Qxb3 Rxe2 24. h3 Rdd2 25. Rf1 Qf6 26. Qg3 h5 27. h4 e4 28. Nc3 Rd3 29. Nxe4 Qd8 30. Qf4 Rd4 31. f3 Rd1 32. c6 Rxf1+ 33. Kxf1 Qd1# 0-1


[Site "https://www.chess.com"]

[Event "Titled Tuesday Blitz November 01 Late 2022"]
[White "Kilic, Eray"]
[Black "Aguilar, Juan"]
[WhiteFideId "44517173"]
[BlackFideId "3800091"]
[WhiteElo "2328"]
[BlackElo "2431"]
[Result "1-0"]
[Round "01"]
[TimeControl "180+1"]
[Date "2022.11.02"]
[WhiteClock "0:01:30"]
[BlackClock "0:00:49"]

1. e4 c5 2. Nf3 d6 3. d4 cxd4 4. Nxd4 Nf6 5. Nc3 a6 6. Be3 e5 7. Nf3 Be7 8. Bc4 O-O 9. O-O Nc6 10. h3 Be6 11. Qe2 Rc8 12. Bb3 h6 13. Rfd1 Qc7 14. Nd2 Nd4 15. Bxd4 exd4 16. Nd5 Nxd5 17. exd5 Bf5 18. Nf3 Bf6 19. Nxd4 Rfe8 20. Qd2 Bg6 21. c3 Bg5 22. f4 Bf6 23. Re1 Qc5 24. Kh2 Be4 25. Ne6 fxe6 26. Rxe4 e5 27. Rae1 Kf8 28. Qe2 Qb5 29. Qg4 exf4 30. Ba4 Rxe4 31. Bxb5 1-0


[Site "https://www.chess.com"]

[Event "Titled Tuesday Blitz November 01 Late 2022"]
[White "Kirillov, Dmitry"]
[Black "Esipenko, Andrey"]
[WhiteFideId "34180572"]
[BlackFideId "24175439"]
[WhiteElo "2095"]
[BlackElo "2619"]
[Result "0-1"]
[Round "01"]
[TimeControl "180+1"]
[Date "2022.11.01"]
[WhiteClock "0:00:05"]
[BlackClock "0:01:48"]

1. e4 c6 2. d4 d5 3. Nc3 dxe4 4. Nxe4 Bf5 5. Ng3 Bg6 6. Nf3 e6 7. h4 h6 8. h5 Bh7 9. Bd3 Bxd3 10. Qxd3 Nf6 11. Bd2 c5 12. O-O-O Nc6 13. Be3 Qa5 14. a3 Be7 15. Ne5 Nxd4 16. Bxd4 cxd4 17. Qxd4 O-O 18. Nc4 Qc7 19. Ne3 Rfc8 20. c3 b5 21. Ne4 a5 22. Nxf6+ Bxf6 23. Qd6 Qb7 24. Qd7 Rc7 25. Qd3 b4 26. axb4 axb4 27. c4 b3 28. Qe2 Qb4 0-1


[Site "https://www.chess.com"]

[Event "Titled Tuesday Blitz November 01 Late 2022"]
[White "Kobla, Vishal"]
[Black "Paszewski, Mateusz"]
[WhiteFideId "2078457"]
[BlackFideId "1141058"]
[WhiteElo "1972"]
[BlackElo "2213"]
[Result "0-1"]
[Round "01"]
[TimeControl "180+1"]
[Date "2022.11.02"]
[WhiteClock "0:00:23"]
[BlackClock "0:00:05"]

1. e4 c6 2. d4 d5 3. Nc3 dxe4 4. Nxe4 Nf6 5. Nxf6+ exf6 6. c3 Bd6 7. Bd3 O-O 8. Qc2 Re8+ 9. Ne2 h5 10. Be3 Nd7 11. O-O-O Nf8 12. h3 Be6 13. Kb1 b5 14. Be4 Rc8 15. Nf4 Bxf4 16. Bxf4 Ng6 17. Bxg6 fxg6 18. Qxg6 Qd5 19. g4 Qxa2+ 20. Kc1 b4 21. gxh5 bxc3 22. bxc3 Qa3+ 23. Kd2 Bf5 24. Qxf5 Qb2+ 25. Qc2 Re2+ 26. Kxe2 Qxc2+ 27. Bd2 Qe4+ 28. Be3 Rb8 29. Rhg1 Kf7 30. h6 gxh6 31. Rd2 f5 32. f3 Qe6 33. Kd3 f4 34. Bxf4 Qf5+ 35. Ke3 Re8+ 36. Be5 Rxe5+ 37. dxe5 Qxe5+ 38. Kd3 Qd5+ 39. Kc2 Qxf3 40. Rd7+ Ke6 41. Rgd1 Qxh3 42. R7d6+ Ke7 43. R6d2 Qf5+ 44. Kb2 h5 45. Re1+ Kf7 46. Ree2 Qb5+ 47. Kc2 h4 48. Rf2+ Kg6 49. Rf4 Kg5 50. Rfd4 h3 51. R4d3 Qf5 52. Kd1 Qf1+ 53. Kc2 Qf5 54. Kd1 a5 55. Ke1 Qe4+ 56. Kd1 Qg4+ 57. Kc2 Qe4 58. Kb3 a4+ 59. Ka3 Qc4 60. Rxh3 Qb3# 0-1


[Site "https://www.chess.com"]

[Event "Titled Tuesday Blitz November 01 Late 2022"]
[White "Kollars, Dmitrij"]
[Black "Leenhouts, Koen"]
[WhiteFideId "12909572"]
[BlackFideId "1008439"]
[WhiteElo "2584"]
[BlackElo "2409"]
[Result "1-0"]
[Round "01"]
[TimeControl "180+1"]
[Date "2022.11.01"]
[WhiteClock "0:02:29"]
[BlackClock "0:01:26"]

1. Nf3 Nf6 2. g3 e6 3. Bg2 d5 4. O-O Be7 5. d4 O-O 6. b3 b6 7. c4 Bb7 8. Ne5 Nbd7 9. Nc3 c6 10. Bf4 Rc8 11. e4 dxc4 12. Nxc4 c5 13. d5 exd5 14. exd5 b5 15. Nxb5 Ba6 16. Nxa7 1-0


[Site "https://www.chess.com"]

[Event "Titled Tuesday Blitz November 01 Late 2022"]
[White "Korchmar, Vasiliy"]
[Black "Schrik, Rachid"]
[WhiteFideId "24131750"]
[BlackFideId "1009818"]
[WhiteElo "2370"]
[BlackElo "2098"]
[Result "1-0"]
[Round "01"]
[TimeControl "180+1"]
[Date "2022.11.02"]
[WhiteClock "0:00:02"]
[BlackClock "0:00:04"]

1. e4 c5 2. Nf3 Nc6 3. d4 cxd4 4. Nxd4 e5 5. Nb5 d6 6. c4 Be6 7. Bd3 g6 8. O-O a6 9. N5c3 Bg7 10. Nd5 h6 11. Nbc3 Nge7 12. Be3 Nd4 13. Qd2 g5 14. a4 Ng6 15. a5 Nf4 16. Bxd4 Bxd5 17. Bb6 Qd7 18. Nxd5 Nxg2 19. f3 Nf4 20. Nc7+ Kf8 21. Nxa8 Rg8 22. Nc7 g4 23. Nd5 gxf3 24. Nxf4 exf4 25. Kh1 Qh3 26. Qf2 Bd4 27. Bxd4 Rg2 28. Qg1 Rxg1+ 29. Rxg1 f2 30. Bxf2 Qxd3 31. c5 Qxe4+ 32. Rg2 d5 33. Re1 Qf3 34. Bd4 f5 35. b4 Qd3 36. Be5 f3 37. Rf2 Qc4 38. Ref1 Qg4 39. Bd6+ Ke8 40. b5 axb5 41. a6 bxa6 42. c6 Qc4 43. c7 Qc6 44. Bf4 Kd7 45. Rxf3 d4 46. Kg1 Qe4 47. Kf2 d3 48. Re1 Qd4+ 49. Kg3 Qg7+ 50. Kf2 Qd4+ 51. Kg2 Qg7+ 52. Kh1 Qd4 53. Re7+ Kc8 54. Re8+ Kd7 55. c8=Q# 1-0


[Site "https://www.chess.com"]

[Event "Titled Tuesday Blitz November 01 Late 2022"]
[White "Krishnan, Varun"]
[Black "Predke, Alexandr"]
[WhiteFideId "5054508"]
[BlackFideId "24107581"]
[WhiteElo "2493"]
[BlackElo "2614"]
[Result "0-1"]
[Round "01"]
[TimeControl "180+1"]
[Date "2022.11.02"]
[WhiteClock "0:00:01"]
[BlackClock "0:00:04"]

1. e4 c5 2. Nf3 e6 3. d4 cxd4 4. Nxd4 Nc6 5. Nc3 Qc7 6. Be2 Nf6 7. Be3 a6 8. a4 Bb4 9. O-O Bxc3 10. bxc3 Nxe4 11. Bd3 Nf6 12. Bg5 d6 13. Nxc6 Qxc6 14. Qd2 Bd7 15. Qf4 Nd5 16. Qh4 Nxc3 17. Rfe1 Nxa4 18. Be4 d5 19. Bxh7 Qc4 20. Qh3 Nc3 21. Re3 Ne2+ 22. Kh1 Nf4 23. Qg3 Rxh7 24. Bxf4 Kf8 25. Rc3 Qe4 26. Rc7 Bc6 27. Be3 Kg8 28. c3 e5 29. h3 f6 30. Rd1 Rf8 31. Bc5 Re8 32. Be7 Qf5 33. Bd6 Qe6 34. Bc5 Kh8 35. Re1 Rg8 36. Bd4 Qf5 37. Be3 a5 38. c4 d4 39. Bd2 a4 40. c5 Qc2 41. Ba5 Qb2 42. Bb6 a3 43. Ba5 a2 44. Qg6 a1=Q 45. Rxa1 Qxa1+ 46. Kh2 Qxa5 47. Rxg7 Rgxg7 48. Qxf6 Qa8 49. Qxe5 Qd8 50. g3 d3 51. h4 d2 52. Qxg7+ Rxg7 0-1


[Site "https://www.chess.com"]

[Event "Titled Tuesday Blitz November 01 Late 2022"]
[White "Ladan, Nicholas"]
[Black "Rustemov, Alexander"]
[WhiteFideId "30918855"]
[BlackFideId "4119002"]
[WhiteElo "2167"]
[BlackElo "2919"]
[Result "0-1"]
[Round "01"]
[TimeControl "180+1"]
[Date "2022.11.01"]
[WhiteClock "0:01:09"]
[BlackClock "0:02:15"]

1. d4 d5 2. c4 c6 3. Nf3 Nf6 4. e3 Bf5 5. Nc3 e6 6. Nh4 Be4 7. f3 Bg6 8. Nxg6 hxg6 9. Qb3 Qc7 10. Bd3 Nbd7 11. Bd2 Rxh2 12. O-O-O Rxg2 13. e4 dxc4 14. Bxc4 O-O-O 15. Kb1 Nb6 16. Bf1 Rh2 17. Rxh2 Qxh2 18. a4 Rxd4 19. a5 Rxd2 20. axb6 Rxd1+ 21. Nxd1 axb6 22. Qxb6 Qd2 23. Ne3 Nd7 24. Qa7 Bc5 25. Qa8+ Kc7 26. Qa5+ Qxa5 0-1


[Site "https://www.chess.com"]

[Event "Titled Tuesday Blitz November 01 Late 2022"]
[White "Leschinsky, Gary"]
[Black "Tarigan, Gilbert Elroy"]
[WhiteFideId "30951321"]
[BlackFideId "7108133"]
[WhiteElo "1855"]
[BlackElo "2284"]
[Result "0-1"]
[Round "01"]
[TimeControl "180+1"]
[Date "2022.11.02"]
[WhiteClock "0:01:42"]
[BlackClock "0:01:23"]

1. d4 Nf6 2. c4 c5 3. d5 b5 4. cxb5 a6 5. b6 g6 6. Nc3 Qxb6 7. e4 d6 8. Nf3 Bg7 9. Nd2 O-O 10. Nc4 Qd8 11. Bd3 a5 12. O-O Ng4 13. h3 Ne5 14. Nxe5 Bxe5 15. Be3 Ba6 16. f4 Bg7 17. Rb1 Bxd3 18. Qxd3 Na6 19. a3 Qc8 20. Qc4 Nc7 21. a4 Qa6 22. Nb5 Rfb8 23. e5 Nxb5 24. axb5 Qxb5 25. Qe4 Qb4 26. Qf3 Qb3 27. Kh1 a4 28. Rbe1 Qxb2 29. exd6 exd6 30. f5 Rb7 31. Qe4 a3 32. Rb1 Qxb1 33. Rxb1 Rxb1+ 34. Qxb1 a2 0-1


[Site "https://www.chess.com"]

[Event "Titled Tuesday Blitz November 01 Late 2022"]
[White "Lopez Del Alamo, Antonio"]
[Black "Kleiman, Jake"]
[WhiteFideId "2227339"]
[BlackFideId "2020041"]
[WhiteElo "2175"]
[BlackElo "2606"]
[Result "1-0"]
[Round "01"]
[TimeControl "180+1"]
[Date "2022.11.02"]
[WhiteClock "0:00:14"]
[BlackClock "0:00:07"]

1. e4 e5 2. Bc4 Nf6 3. d3 Nc6 4. Nc3 Na5 5. Qf3 Be7 6. Nge2 O-O 7. h3 c6 8. O-O d6 9. Ng3 g6 10. Bh6 Re8 11. a4 Nxc4 12. dxc4 Be6 13. b3 a5 14. Rad1 Qc7 15. Nf5 Rad8 16. Nxe7+ Qxe7 17. Bg5 Kg7 18. Qe3 Qc7 19. f4 exf4 20. Qxf4 Ng8 21. Bxd8 Rxd8 22. Ne2 Qb6+ 23. Kh2 Qc5 24. Nd4 Kh8 25. Nxe6 fxe6 26. Qf7 Qe5+ 27. Kh1 b6 28. Qc7 Re8 29. Rf7 Qh5 30. Rdf1 d5 31. Qxc6 Rd8 32. cxd5 exd5 33. exd5 Qe5 34. Qb7 Qh5 35. Qxb6 Rxd5 36. Rf8 Qe2 37. Qf6# 1-0


[Site "https://www.chess.com"]

[Event "Titled Tuesday Blitz November 01 Late 2022"]
[White "Luxama, Jacques Muller"]
[Black "Hua, Lefong"]
[WhiteFideId "11900113"]
[BlackFideId "2602253"]
[WhiteElo "1931"]
[BlackElo "2597"]
[Result "1/2-1/2"]
[Round "01"]
[TimeControl "180+1"]
[Date "2022.11.02"]
[WhiteClock "0:01:37"]
[BlackClock "0:00:33"]

1. d4 Nf6 2. c4 g6 3. Nc3 Bg7 4. e4 O-O 5. Nf3 d6 6. Be2 Bg4 7. Be3 Nfd7 8. O-O c5 9. d5 Na6 10. Nd2 Bxe2 11. Qxe2 e6 12. Bf4 Ne5 13. Rad1 exd5 14. Nxd5 Nc7 15. Nxc7 Qxc7 16. b3 Rfe8 17. Nf3 Rad8 18. Rd5 Nxf3+ 19. Qxf3 Re6 20. Rfd1 Bf8 21. Qd3 Rde8 22. f3 Qa5 23. a4 Qb4 24. h3 h5 25. Kh2 Qb6 26. Qd2 Qc6 27. Qd3 b6 28. h4 a6 29. Bg3 Rd8 30. e5 Rd7 31. exd6 Bg7 32. Re1 Rxe1 33. Bxe1 Qc8 34. Bg3 Qd8 35. Qe4 Bf8 36. Qe5 a5 37. Kh3 Qc8 38. Kh2 Qd8 39. Kg1 Bg7 40. Qe4 Bf6 41. Rd3 Kg7 42. Rd5 Kg8 43. Kf2 Kg7 44. Be5 Bxe5 45. Qxe5+ Qf6 46. Qxf6+ Kxf6 47. g3 Ke6 48. Ke3 Rxd6 49. Rxd6+ Kxd6 50. Ke4 Ke6 51. g4 f5+ 52. Kf4 Kf6 53. gxh5 gxh5 54. Ke3 Ke5 55. f4+ Ke6 56. Kf3 Kf6 57. Ke3 Ke6 58. Kf3 Kf6 59. Ke3 Ke6 1/2-1/2


[Site "https://www.chess.com"]

[Event "Titled Tuesday Blitz November 01 Late 2022"]
[White "Mahdavi, Reza"]
[Black "Hajiyev, Kanan"]
[WhiteFideId "12595926"]
[BlackFideId "13404148"]
[WhiteElo "2240"]
[BlackElo "2118"]
[Result "1-0"]
[Round "01"]
[TimeControl "180+1"]
[Date "2022.11.02"]
[WhiteClock "0:00:19"]
[BlackClock "0:00:13"]

1. e4 c6 2. d4 d5 3. e5 a6 4. Nf3 Bg4 5. c4 e6 6. Nc3 Nd7 7. h3 Bh5 8. Be2 Bb4 9. O-O Ne7 10. Qb3 Bxc3 11. bxc3 dxc4 12. Qxc4 O-O 13. Ba3 Re8 14. Rab1 b5 15. Qb3 Nb6 16. Rfe1 Ned5 17. Bc5 a5 18. Rbc1 Nf4 19. Bxb6 Qxb6 20. c4 Nxe2+ 21. Rxe2 Bxf3 22. Qxf3 Qxd4 23. Qxc6 bxc4 24. Qxc4 Qxc4 25. Rxc4 Rec8 26. Rec2 Rxc4 27. Rxc4 g6 28. a4 Kf8 29. Rc5 Ke7 30. Rc7+ Kf8 31. Kf1 h5 32. Ke2 Kg7 33. Ke3 g5 34. Rc5 Kg6 35. g4 h4 36. Kd3 Rb8 37. Rb5 Rd8+ 38. Ke2 Ra8 39. Ke3 Rc8 40. Kd2 Rd8+ 41. Kc2 Rc8+ 42. Kb2 Rd8 43. Kc3 Rc8+ 44. Kd4 Rd8+ 45. Kc4 Rd2 46. Rxa5 Rxf2 47. Rb5 Rf3 48. Rb3 Rf4+ 49. Kb5 Re4 50. a5 Rxe5+ 51. Kb6 Re1 52. a6 Ra1 53. a7 f5 54. gxf5+ exf5 55. Kb7 g4 56. Rb6+ Kg5 57. Ra6 Rb1+ 58. Kc7 Rc1+ 59. Kd7 Rd1+ 60. Ke7 Re1+ 61. Kf7 1-0


[Site "https://www.chess.com"]

[Event "Titled Tuesday Blitz November 01 Late 2022"]
[White "Makaraci, Tunahan"]
[Black "Faizrakhmanov, Ramil"]
[WhiteFideId "6356559"]
[BlackFideId "24103209"]
[WhiteElo "2175"]
[BlackElo "2421"]
[Result "0-1"]
[Round "01"]
[TimeControl "180+1"]
[Date "2022.11.02"]
[WhiteClock "0:00:05"]
[BlackClock "0:00:12"]

1. e4 c6 2. d4 d5 3. exd5 cxd5 4. c4 Nf6 5. Nc3 e6 6. Nf3 Bb4 7. cxd5 Nxd5 8. Qc2 Nc6 9. Bc4 O-O 10. O-O Nf6 11. Rd1 Qa5 12. d5 exd5 13. Nxd5 Nxd5 14. Rxd5 Qc7 15. Ng5 g6 16. Nxh7 Kxh7 17. Rh5+ Kg7 18. Bh6+ Kf6 19. Bxf8 Bxf8 20. Qc3+ Ne5 21. Rh8 Bg7 22. Re8 Be6 23. Rxa8 Qxc4 24. Qxc4 Nxc4 25. Rxa7 Bd5 26. b3 Nd6 27. Rd1 Ke6 28. Ra8 Bc6 29. Rd8 Be5 30. g3 Nf5 31. f4 Bc7 32. Re1+ Kf6 33. Rd3 Bb6+ 34. Kf1 Bb5 35. Ke2 Nd4+ 36. Kd2 Ba5+ 37. Rc3 Nf3+ 38. Kc2 Nxe1+ 0-1


[Site "https://www.chess.com"]

[Event "Titled Tuesday Blitz November 01 Late 2022"]
[White "Makarian, Rudik"]
[Black "Urbina Perez, Juan Antonio"]
[WhiteFideId "44105681"]
[BlackFideId "2217368"]
[WhiteElo "2405"]
[BlackElo "2197"]
[Result "1-0"]
[Round "01"]
[TimeControl "180+1"]
[Date "2022.11.02"]
[WhiteClock "0:00:08"]
[BlackClock "0:00:04"]

1. b3 d5 2. Bb2 Bf5 3. d3 Nf6 4. Nd2 e6 5. g3 h6 6. Bg2 c6 7. e4 Bh7 8. Nh3 Bc5 9. O-O Qe7 10. Qe2 O-O 11. Kh1 Ba3 12. Bxa3 Qxa3 13. f4 dxe4 14. Nxe4 Nxe4 15. dxe4 Nd7 16. c4 Rfd8 17. g4 Nf8 18. f5 Qb4 19. Rad1 Qb6 20. Nf4 Rxd1 21. Rxd1 Rd8 22. Rxd8 Qxd8 23. h3 e5 24. Nh5 f6 25. Kh2 Kh8 26. Qe3 Bg8 27. Bf3 Bf7 28. Ng3 Qd4 29. Qxd4 exd4 30. Kg2 Nd7 31. Kf2 Ne5 32. Be2 c5 33. Bf1 Kg8 34. Ne2 Kf8 35. Nf4 Ke7 36. Be2 b6 37. h4 Nc6 38. a3 a5 39. Kg3 Ne5 40. a4 Nc6 41. Nh3 Ne5 42. Nf2 Nc6 43. Kf4 Ne5 44. g5 hxg5+ 45. hxg5 Be8 46. g6 Bc6 47. Bf1 Bb7 48. Nh1 Bc6 49. Ng3 Bb7 50. Nh5 Kf8 51. Ng3 Ke7 52. Ne2 Bc6 53. Nc1 Bb7 54. Bg2 Bc6 55. Bf3 Bb7 56. Kg3 Bc6 57. Ne2 Bb7 58. Nf4 d3 59. Ng2 d2 60. Ne3 Nd3 61. Kg2 Nc1 62. Kf2 Nxb3 63. Bd1 Nd4 64. Nd5+ Bxd5 65. cxd5 Kd6 66. Ke3 b5 67. axb5 Nxb5 68. Kxd2 Nd4 69. Kd3 Nb5 70. Ba4 Nd4 71. Ke3 Ke5 72. Kd3 Kd6 73. Kc4 Ne2 74. e5+ Kxe5 75. Kxc5 1-0


[Site "https://www.chess.com"]

[Event "Titled Tuesday Blitz November 01 Late 2022"]
[White "Maksimovic, Bojan"]
[Black "Karas, Marek"]
[WhiteFideId "14408120"]
[BlackFideId "14928558"]
[WhiteElo "2447"]
[BlackElo "2220"]
[Result "1/2-1/2"]
[Round "01"]
[TimeControl "180+1"]
[Date "2022.11.02"]
[WhiteClock "0:00:09"]
[BlackClock "0:00:04"]

1. e4 e6 2. d4 d5 3. Nc3 Nf6 4. e5 Nfd7 5. f4 c5 6. Nf3 Nc6 7. Be3 Be7 8. a3 O-O 9. dxc5 Bxc5 10. Bxc5 Nxc5 11. b4 Nd7 12. Bd3 f6 13. O-O Qe8 14. Qe1 Qh5 15. exf6 Nxf6 16. Qg3 Bd7 17. Rae1 Qg4 18. Qxg4 Nxg4 19. h3 Nf6 20. g3 Rac8 21. Nb5 Rcd8 22. Nc7 a5 23. b5 Nb8 24. Nxe6 Bxe6 25. Rxe6 Nbd7 26. Rfe1 Nc5 27. Re7 Rf7 28. Rxf7 Kxf7 29. Ng5+ Kg8 30. Re7 h6 31. Ne6 Nxe6 32. Rxe6 Kf7 33. Rb6 Rd7 34. f5 Rc7 35. Kf2 Nd7 36. Rd6 Nf6 37. Ke3 Ke7 38. Re6+ Kf7 39. Kd4 h5 40. b6 Rd7 41. Bb5 Rd8 42. a4 Rc8 43. c4 dxc4 44. Bxc4 Kf8 45. Bb5 Rd8+ 46. Ke5 Rd5+ 47. Kf4 Rd4+ 48. Kg5 Rd1 49. Re3 Rd6 50. g4 hxg4 51. hxg4 Rxb6 52. Rc3 Rd6 53. Rc8+ Ke7 54. Rc7+ Kf8 55. Rxb7 Ne4+ 56. Kf4 Nf6 57. Ra7 Rd4+ 58. Ke5 Rxg4 59. Rxa5 Re4+ 60. Kd6 Re1 61. Ra8+ Kf7 62. Bc4+ Nd5 63. Bxd5+ Kf6 64. Rf8+ Kg5 65. Be6 Ra1 66. Ra8 Kf6 67. a5 g5 68. Rf8+ Kg7 69. Rg8+ Kh6 70. Rg6+ Kh5 71. Ke7 Rxa5 72. Kf6 g4 73. Rg7 Kh4 74. Ke7 g3 75. Bd7 Re5+ 76. Be6 Re3 77. Kf6 Kh3 78. Rh7+ Kg2 79. Rg7 Kf2 80. Kf7 g2 81. f6 g1=Q 82. Rxg1 Kxg1 83. Ke7 Rf3 84. f7 Rxf7+ 85. Kxf7 1/2-1/2


[Site "https://www.chess.com"]

[Event "Titled Tuesday Blitz November 01 Late 2022"]
[White "Manolache, Marius"]
[Black "Sabar, Ethmane Daouda"]
[WhiteFideId "1201530"]
[BlackFideId "19600097"]
[WhiteElo "2364"]
[BlackElo "1950"]
[Result "1-0"]
[Round "01"]
[TimeControl "180+1"]
[Date "2022.11.02"]
[WhiteClock "0:00:45"]
[BlackClock "0:00:04"]

1. d4 d5 2. Nf3 Nf6 3. c4 Bf5 4. Nc3 e6 5. e3 c6 6. Nh4 Bg6 7. Be2 Nbd7 8. cxd5 exd5 9. O-O Bd6 10. g3 O-O 11. Bf3 Qe7 12. Nxg6 hxg6 13. Qc2 g5 14. Bd2 g4 15. Bg2 Rfe8 16. Qd1 Nf8 17. Re1 Bb4 18. a3 Bxc3 19. bxc3 Qe6 20. c4 Ne4 21. cxd5 cxd5 22. Qc2 Nh7 23. Rab1 b6 24. Rec1 Nhg5 25. Qd1 Nxd2 26. Qxd2 Nf3+ 27. Bxf3 gxf3 28. Qd1 Qf5 29. Rc6 Re6 30. Rbc1 Rae8 31. Rc8 g5 32. h3 Kg7 33. g4 Qe4 34. Kh2 Rh6 35. Rxe8 Qxe8 36. Kg3 Qb8+ 37. Kxf3 Rxh3+ 38. Ke2 Qh2 39. Qg1 Qd6 40. Rc3 b5 41. Rc5 a6 42. Qg2 Rh4 43. Qxd5 Qxd5 44. Rxd5 Rxg4 45. Rd6 a5 46. Rb6 b4 47. axb4 axb4 48. Rxb4 Re4 49. Rb5 Kg6 50. Rb6+ f6 51. Kd3 Re8 52. d5 Kf5 53. Kd4 g4 54. Rb7 Kg6 55. e4 f5 56. e5 f4 57. Ke4 Rf8 58. Rb6+ Kg5 59. d6 g3 60. fxg3 fxg3 61. Rb7 Kg6 62. Rb3 Kf7 63. Rf3+ Ke8 64. Rxg3 1-0


[Site "https://www.chess.com"]

[Event "Titled Tuesday Blitz November 01 Late 2022"]
[White "Manukian, Artak"]
[Black "Milikow, Yoav"]
[WhiteFideId "13301373"]
[BlackFideId "2822237"]
[WhiteElo "2489"]
[BlackElo "2341"]
[Result "1/2-1/2"]
[Round "01"]
[TimeControl "180+1"]
[Date "2022.11.02"]
[WhiteClock "0:00:47"]
[BlackClock "0:00:29"]

1. e4 e5 2. Nf3 Nc6 3. d4 exd4 4. Nxd4 Nf6 5. Nxc6 bxc6 6. e5 Qe7 7. Qe2 Nd5 8. c4 Nb6 9. b3 a5 10. a4 Qe6 11. Nc3 Bb4 12. Bb2 O-O 13. O-O-O Ba6 14. f4 d5 15. exd6 Qh6 16. dxc7 Qxf4+ 17. Kb1 Qxc7 18. Qg4 f5 19. Qg5 Rad8 20. Bd3 Qf7 21. Bc2 Rb8 22. Rhf1 Bxc3 23. Bxc3 Nxa4 24. Be5 h6 25. Qxf5 Qxf5 26. Rxf5 Rxf5 27. Bxf5 Rxb3+ 28. Kc2 Bxc4 29. Bg6 Kf8 30. Bd6+ Kg8 31. Be5 Kf8 32. Bd6+ Kg8 33. Be5 1/2-1/2


[Site "https://www.chess.com"]

[Event "Titled Tuesday Blitz November 01 Late 2022"]
[White "Marchesich, Giovanni"]
[Black "Kodinets, Konstantin L."]
[WhiteFideId "2824790"]
[BlackFideId "4122011"]
[WhiteElo "2200"]
[BlackElo "2447"]
[Result "0-1"]
[Round "01"]
[TimeControl "180+1"]
[Date "2022.11.02"]
[WhiteClock "0:00:02"]
[BlackClock "0:00:16"]

1. d4 d6 2. Nf3 Nf6 3. Bg5 Nbd7 4. Nbd2 h6 5. Bh4 g5 6. Bg3 Nh5 7. e4 Bg7 8. c3 c5 9. dxc5 Nxc5 10. Bc4 Be6 11. Bxe6 Nxe6 12. O-O O-O 13. Nxg5 Nxg5 14. Qxh5 Qb6 15. Kh1 Qxb2 16. Rad1 Qc2 17. Rfe1 Bxc3 18. f4 Bxd2 19. fxg5 Bxg5 20. h4 Bf6 21. Qxh6 Bg7 22. Qg5 Qxa2 23. Rd5 e6 24. h5 Kh7 25. Rxd6 Bh6 26. Qf6 Qa5 27. e5 Qb4 28. Rd7 Qg4 29. Rxf7+ Rxf7 30. Qxf7+ Bg7 31. Re3 Rf8 32. Qg6+ Qxg6 33. hxg6+ Kxg6 34. Rd3 Rf7 35. Kh2 b5 36. Rb3 Rb7 37. Rb4 a5 38. Rg4+ Kf7 39. Rf4+ Kg8 40. Bf2 Bxe5 0-1


[Site "https://www.chess.com"]

[Event "Titled Tuesday Blitz November 01 Late 2022"]
[White "Marcolino, Daniel Mattos"]
[Black "Aggelis, Nikolaos"]
[WhiteFideId "2106841"]
[BlackFideId "4213220"]
[WhiteElo "2069"]
[BlackElo "2187"]
[Result "1/2-1/2"]
[Round "01"]
[TimeControl "180+1"]
[Date "2022.11.02"]
[WhiteClock "0:00:08"]
[BlackClock "0:00:37"]

1. d4 Nf6 2. Nf3 g6 3. g3 Bg7 4. Bg2 O-O 5. O-O d5 6. c4 Nc6 7. cxd5 Nxd5 8. Nc3 Nb6 9. e3 e5 10. dxe5 Nxe5 11. Nxe5 Bxe5 12. e4 c6 13. Bh6 Re8 14. Qxd8 Rxd8 15. Rad1 Bg4 16. f3 Be6 17. Be3 Bxc3 18. bxc3 Bxa2 19. Rxd8+ Rxd8 20. Ra1 Be6 21. Rxa7 Nc4 22. Bd4 b6 23. Kf2 h6 24. Bf1 c5 25. Bxc4 Bxc4 26. Be5 Rc8 27. Rb7 b5 28. Rc7 Rxc7 29. Bxc7 b4 30. cxb4 cxb4 31. Be5 b3 32. Ke3 f5 33. exf5 gxf5 34. g4 fxg4 35. fxg4 Kf7 36. h4 Ke6 37. Bb2 Bf1 38. g5 h5 39. Kf4 Bd3 40. Ke3 Bg6 41. Bf6 Kf5 42. Kf3 Bf7 43. Kg3 Ke4 44. Bb2 Kd3 45. Kf4 Kc2 46. Bf6 Bg6 47. Bd4 Kd3 48. Bb2 Kc2 49. Bd4 b2 50. Bxb2 Kxb2 51. Ke5 Kc3 52. Kf6 Bb1 53. g6 Kd4 54. g7 Ba2 55. Kg5 Ke5 56. Kxh5 Kf6 57. Kh6 Bg8 58. h5 Kf7 59. Kg5 Kxg7 60. h6+ Kh7 61. Kh5 Bf7+ 62. Kg4 Bg6 63. Kf4 Kxh6 1/2-1/2


[Site "https://www.chess.com"]

[Event "Titled Tuesday Blitz November 01 Late 2022"]
[White "Martinez Alcantara, Jose Eduardo"]
[Black "Taboas Rodriguez, Daniel"]
[WhiteFideId "3805662"]
[BlackFideId "2208466"]
[WhiteElo "2703"]
[BlackElo "2429"]
[Result "1-0"]
[Round "01"]
[TimeControl "180+1"]
[Date "2022.11.01"]
[WhiteClock "0:02:11"]
[BlackClock "0:00:53"]

1. e4 e5 2. Nf3 Nc6 3. Bb5 Nf6 4. Qe2 d6 5. c3 Bd7 6. d3 g6 7. h3 Bg7 8. Be3 O-O 9. Nbd2 Nh5 10. Bc4 Kh8 11. g4 Nf4 12. Bxf4 exf4 13. d4 Qe7 14. Bd3 Rae8 15. O-O-O f5 16. gxf5 gxf5 17. Rde1 fxe4 18. Qxe4 Qxe4 19. Nxe4 Bf5 20. Kd2 Bg6 21. Neg5 Bxd3 22. Kxd3 Nd8 23. h4 Bh6 24. Ne4 d5 25. Nc5 Kg7 26. Rhg1+ Kh8 27. Nd7 Rg8 28. Nf6 Rxg1 29. Rxe8+ Kg7 30. Nxg1 Kxf6 31. Rxd8 1-0


[Site "https://www.chess.com"]

[Event "Titled Tuesday Blitz November 01 Late 2022"]
[White "Martinez Molina, Carlos Alberto"]
[Black "Suleymanli, Aydin"]
[WhiteFideId "5122708"]
[BlackFideId "13413937"]
[WhiteElo "2212"]
[BlackElo "2481"]
[Result "0-1"]
[Round "01"]
[TimeControl "180+1"]
[Date "2022.11.01"]
[WhiteClock "0:00:02"]
[BlackClock "0:00:06"]

1. d4 Nf6 2. c4 e6 3. Nc3 Bb4 4. Bd2 O-O 5. Nf3 b6 6. e3 Bb7 7. Be2 d6 8. O-O Nbd7 9. Rc1 a5 10. a3 Bxc3 11. Bxc3 a4 12. Nd2 e5 13. Bf3 e4 14. Be2 c5 15. d5 Qe7 16. Qc2 Rfe8 17. Rce1 Ba6 18. Kh1 h5 19. f4 exf3 20. Nxf3 Ne4 21. Bd3 Nxc3 22. Qxc3 Ne5 23. Nxe5 Qxe5 24. Qc1 Bc8 25. e4 Bd7 26. Re2 Re7 27. Ref2 Rae8 28. Rf4 f6 29. h3 Qg5 30. R4f2 Qg3 31. Qd2 Re5 32. Rf3 Qg5 33. Rf4 Rb8 34. Qe2 Qg6 35. Qf2 b5 36. cxb5 Bxb5 37. Bxb5 Rxb5 38. Rf5 Rxe4 39. Qc2 Re5 40. Qxa4 Rxf5 41. Rxf5 Rxb2 42. Qe4 Ra2 43. g4 hxg4 44. hxg4 Qh6+ 45. Kg1 Qh2+ 46. Kf1 Ra1+ 0-1


[Site "https://www.chess.com"]

[Event "Titled Tuesday Blitz November 01 Late 2022"]
[White "Mekhitarian, Krikor Sevag"]
[Black "Gallegos Diaz, Carlos Alberto"]
[WhiteFideId "2107660"]
[BlackFideId "3900886"]
[WhiteElo "2614"]
[BlackElo "2362"]
[Result "1-0"]
[Round "01"]
[TimeControl "180+1"]
[Date "2022.11.02"]
[WhiteClock "0:01:24"]
[BlackClock "0:00:05"]

1. e4 d6 2. d4 Nf6 3. Nc3 c6 4. f4 Qa5 5. e5 Ne4 6. Nf3 Bg4 7. Qd3 Nxc3 8. bxc3 Nd7 9. Bd2 e6 10. c4 Qc7 11. Rb1 Be7 12. Qb3 Bxf3 13. Qxf3 d5 14. f5 exf5 15. cxd5 cxd5 16. Qxd5 Qc6 17. Bc4 O-O 18. Rxb7 Qxd5 19. Bxd5 Rad8 20. Bb3 Rfe8 21. Ba5 Nb6 22. Rxa7 Rb8 23. Ke2 1-0


[Site "https://www.chess.com"]